Blackdemons vs Carnivores
(R1)
Created - 29 mars 2017 at 23:25
Goals
|
| Blackdemons |
0 |
1 |
1 |
0 |
1 |
3 |
| Carnivores |
0 |
1 |
1 |
0 |
0 |
2 |
|
Shots
|
| Blackdemons |
8 |
12 |
7 |
1 |
3 |
28 |
| Carnivores |
7 |
11 |
8 |
0 |
3 |
26 |
|
1st period
No Goal
Penalties :
Jeremy Welsh (Bre) for Interference (Minor) at 7:25, Kyle Rau (MJM) for Hooking (Minor) at 18:11, Anton Gustafsson (Bre) for Holding (Minor) at 19:28
2nd period
1. Carnivores , Nate Schmidt 5 (Jeremy Williams, Anton Gustafsson) at 3:08
2. Blackdemons , Steven Zalewski 25 (Matt Hunwick) at 19:31
Penalties :
Andrew MacDonald (MJM) for Interference (Minor) at 0:06, Jeremy Welsh (Bre) for Interference (Minor) at 0:31, Ben Maxwell (MJM) for Elbowing (Minor) at 8:39, Brendan Gallagher (Bre) for Hooking (Minor) at 11:30, Steve Oleksy (MJM) for Roughing (Minor) at 13:44, Noel Acciari (MJM) for High sticking (Minor) at 19:46
3rd period
3. Carnivores , Jeremy Williams 11 (Vernon Fiddler) at 0:04 (PP)
4. Blackdemons , Oscar Klefbom 6 (Igor Makarov, Keaton Ellerby) at 1:39
Penalties :
Scott Timmins (MJM) for Hooking (Minor) at 3:29, Frederic St-Denis (Bre) for Goalie Interference (Minor) at 10:38, Igor Makarov (MJM) for Holding (Minor) at 13:59, Brendan Gallagher (Bre) for Holding Stick (Minor) at 16:58
Overtime #1
No Goal
Penalties :
No Penalty
Shootout
Penalty Shot by Igor Makarov for Blackdemons - Goal!
Penalty Shot by Brendan Gallagher for Carnivores - Stopped by Matt Hackett
Penalty Shot by Steven Zalewski for Blackdemons - Stopped by Erik Ersberg
Penalty Shot by Jeremy Welsh for Carnivores - Stopped by Matt Hackett
Penalty Shot by Sergei Plotnikov for Blackdemons - Stopped by Erik Ersberg
Penalty Shot by Jeremy Williams for Carnivores - Shot Hit the Post
Penalties :
No Penalty
Goalie Stats
Matt Hackett (MJM), 24 saves from 26 shots - (0,923), W, 8-12-1, 65:00 minutes
Erik Ersberg (Bre), 26 saves from 28 shots - (0,929), OTL, 10-6-3, 65:00 minutes
Players Stats for Blackdemons
Player Name G A P +/- PIM S H SB GA TA FO MP PP MP PK MP
------------------------------------------------------------------------------------
Andrew MacDonald 0 0 0 -1 2 5 4 1 2 5 0/0 26:07 5:13 5:53
Ben Maxwell 0 0 0 1 2 1 1 0 0 0 1/1 10:55 0:00 0:00
Blake Pietila 0 0 0 1 0 0 1 0 0 0 0/2 15:24 3:25 0:38
Bryan Rust 0 0 0 0 0 1 0 0 0 1 0/0 9:05 0:00 0:00
Calvin de Haan 0 0 0 -1 0 1 0 0 0 0 0/0 12:49 0:25 0:00
Dan Bertram 0 0 0 0 0 0 1 0 0 0 0/0 6:53 0:12 0:00
Igor Makarov 0 1 1 0 2 5 3 0 0 1 5/14 25:25 4:41 4:16
Keaton Ellerby 0 1 1 1 0 2 3 4 2 1 0/0 31:00 4:48 5:57
Kyle Rau 0 0 0 0 2 0 0 0 0 0 1/2 6:09 0:00 0:07
Matt Hunwick 0 1 1 1 0 3 4 0 0 1 0/0 21:42 3:08 3:38
Max Friberg 0 0 0 -1 0 0 3 1 0 0 0/1 19:55 3:53 5:12
Noel Acciari 0 0 0 1 2 2 3 0 0 0 7/16 20:18 3:28 2:52
Oscar Klefbom 1 0 1 0 0 2 0 0 1 2 0/0 18:51 0:25 1:01
Scott Timmins 0 0 0 0 2 0 0 0 0 0 2/4 11:14 0:12 0:54
Scott Wilson 0 0 0 0 0 0 2 0 0 0 0/0 10:54 0:15 0:00
Sergei Plotnikov 0 0 0 1 0 2 2 0 0 1 0/3 22:23 4:16 3:41
Steve Oleksy 0 0 0 1 2 1 2 1 0 2 0/0 20:52 3:08 2:41
Steven Zalewski 1 0 1 1 0 3 3 0 0 1 6/16 17:45 4:16 1:26
Players Stats for Carnivores
Player Name G A P +/- PIM S H SB GA TA FO MP PP MP PK MP
------------------------------------------------------------------------------------
Adam Almquist 0 0 0 0 0 0 0 0 0 0 0/0 4:56 0:00 0:00
Anton Gustafsson 0 1 1 0 2 2 0 0 1 0 6/10 16:19 4:15 1:16
Brendan Gallagher 0 0 0 -1 4 3 1 0 2 1 1/1 19:43 2:30 2:22
Christopher DiDomenico 0 0 0 0 0 1 0 0 0 0 0/0 7:14 0:00 0:29
Colton Orr 0 0 0 0 0 2 0 1 1 0 0/0 10:38 1:37 0:00
Frederic St-Denis 0 0 0 0 2 0 0 2 1 1 0/0 12:55 0:00 2:49
Jeremy Welsh 0 0 0 0 4 1 3 0 1 0 1/2 21:45 4:53 0:00
Jeremy Williams 1 1 2 0 0 2 5 0 1 1 0/0 17:18 5:31 1:16
Lane MacDermid 0 0 0 -1 0 0 1 1 0 0 1/1 16:56 4:16 3:02
Mark McNeill 0 0 0 0 0 0 0 0 1 0 0/0 10:02 0:00 0:00
Markus Granlund 0 0 0 0 0 0 3 0 0 0 1/3 9:46 0:22 2:05
Mat Clark 0 0 0 -2 0 0 2 1 0 0 0/0 12:34 0:00 0:00
Mattias Backman 0 0 0 0 0 0 1 1 0 0 0/0 9:25 0:00 1:02
Michael Schumacher 0 0 0 0 0 1 0 0 0 0 0/0 11:46 0:22 1:28
Nate Schmidt 1 0 1 1 0 2 2 1 0 1 0/0 29:29 5:28 5:26
Phil Oreskovic 0 0 0 1 0 5 3 0 2 0 0/0 29:29 5:28 5:26
Sasha Pokulok 0 0 0 -2 0 0 0 1 0 0 0/0 20:15 4:03 3:51
Vernon Fiddler 0 1 1 -1 0 5 3 0 2 1 25/38 26:11 4:46 5:11
Zach Jones 0 0 0 0 0 0 0 0 0 0 0/0 10:58 4:03 0:00
Zack Smith 0 0 0 0 0 2 0 0 3 0 2/4 10:21 0:00 0:29
3 Stars
1 - Jeremy Williams (Bre)
2 - Steven Zalewski (MJM)
3 - Nate Schmidt (Bre)
Power Play
Blackdemons - 0 on 6 Attempt(s) - 0,00%
Carnivores - 1 on 7 Attempt(s) - 14,29%
Penalty Kill
Blackdemons - 6 on 7 Attempt(s) - 85,71%
- Score 0 goal in Penalty Kill
Carnivores - 6 on 6 Attempt(s) - 100,00%
- Score 0 goal in Penalty Kill
Team Stat
Blackdemons - Hits : 32 - Faceoff Wins : 22 - Blocked Shots : 7 - Penalty Minutes : 14
Carnivores - Hits : 24 - Faceoff Wins : 37 - Blocked Shots : 8 - Penalty Minutes : 12
Official
Referees : Pollock Kevin and Auger Stephane
Linesman : Thor Nelson and Pierre Racicot
Game Notes
No Game Note
Finance
Level 1 -- Attendance: 1356 (67,80%) -- Ticket Income 54 240 $
Level 2 -- Attendance: 726 (72,60%) -- Ticket Income 14 520 $
Total Attendance: 2082 (69,40%)
Total Ticket Income: 68 760 $
Other Income: 3 438 $
Total Income: 72 198 $
Blackdemons
5 vs 5 Forward
Center Left Wing Right Wing Time % Phy DF OF
1 Noel Acciari Sergei Plotnikov Igor Makarov 40 1 2 2
2 Steven Zalewski Blake Pietila Ben Maxwell 30 1 2 2
3 Scott Timmins Scott Wilson Bryan Rust 20 1 2 2
4 Kyle Rau Dan Bertram Max Friberg 10 1 2 2
5 vs 5 Defense
Defense Defense Time % Phy DF OF
1 Keaton Ellerby Oscar Klefbom 40 1 2 2
2 Andrew MacDonald Calvin de Haan 30 1 2 2
3 Matt Hunwick Steve Oleksy 20 1 2 2
4 Matt Hunwick Steve Oleksy 10 1 2 2
PowerPlay Forward
Center Left Wing Right Wing Time % Phy DF OF
1 Steven Zalewski Sergei Plotnikov Igor Makarov 60 1 2 2
2 Noel Acciari Blake Pietila Max Friberg 40 1 2 2
PowerPlay Defense
Defense Defense Time % Phy DF OF
1 Andrew MacDonald Keaton Ellerby 60 1 2 2
2 Matt Hunwick Steve Oleksy 40 1 2 2
Penalty Kill 4 Players Forward
Center Wing Time % Phy DF OF
1 Igor Makarov Max Friberg 60 1 2 2
2 Sergei Plotnikov Steven Zalewski 40 1 2 2
Penalty Kill 4 Players Defense
Defense Defense Time % Phy DF OF
1 Andrew MacDonald Keaton Ellerby 60 1 2 2
2 Matt Hunwick Steve Oleksy 40 1 2 2
Penalty Kill - 3 Players Forward
Forward Time % Phy DF OF
1 Igor Makarov 60 1 2 2
2 Steven Zalewski 40 1 2 2
Penalty Kill - 3 Players Defense
Defense Defense Time % Phy DF OF
1 Andrew MacDonald Keaton Ellerby 60 1 2 2
2 Matt Hunwick Steve Oleksy 40 1 2 2
4 vs 4 Forward
Center Wing Time % Phy DF OF
1 Igor Makarov Max Friberg 60 1 2 2
2 Sergei Plotnikov Steven Zalewski 40 1 2 2
4 vs 4 Defense
Defense Defense Time % Phy DF OF
1 Andrew MacDonald Keaton Ellerby 60 1 2 2
2 Matt Hunwick Steve Oleksy 40 1 2 2
Last Minutes Offensive
Center Left Wing Right Wing Defense Defense
Steven Zalewski Sergei Plotnikov Igor Makarov Andrew MacDonald Keaton Ellerby
Last Minutes Defensive
Center Left Wing Right Wing Defense Defense
Steven Zalewski Sergei Plotnikov Igor Makarov Andrew MacDonald Keaton Ellerby
Goaltenders
Starting : Matt Hackett
Backup : Sebastien Caron
Extra Forwards
Normal : Max Friberg, Igor Makarov, Sergei Plotnikov - PP : Max Friberg, Steven Zalewski - PK : Igor Makarov
Extra Defensemen
Normal : Keaton Ellerby, Matt Hunwick, Andrew MacDonald - PP : Keaton Ellerby - PK : Steve Oleksy, Andrew MacDonald
Penalty Shots
Igor Makarov, Steven Zalewski, Sergei Plotnikov, Noel Acciari, Max Friberg
Carnivores
5 vs 5 Forward
Center Left Wing Right Wing Time % Phy DF OF
1 Vernon Fiddler Jeremy Welsh Brendan Gallagher 40 1 2 2
2 Anton Gustafsson Lane MacDermid Jeremy Williams 30 1 2 2
3 Zack Smith Michael Schumacher Mark McNeill 20 1 2 2
4 Markus Granlund Christopher DiDomenico Colton Orr 10 1 2 2
5 vs 5 Defense
Defense Defense Time % Phy DF OF
1 Phil Oreskovic Nate Schmidt 40 1 2 2
2 Mat Clark Sasha Pokulok 30 1 2 2
3 Mattias Backman Frederic St-Denis 20 1 2 2
4 Adam Almquist Zach Jones 10 1 2 2
PowerPlay Forward
Center Left Wing Right Wing Time % Phy DF OF
1 Vernon Fiddler Jeremy Welsh Jeremy Williams 60 1 2 2
2 Anton Gustafsson Lane MacDermid Jeremy Williams 40 1 2 2
PowerPlay Defense
Defense Defense Time % Phy DF OF
1 Phil Oreskovic Nate Schmidt 60 1 2 2
2 Zach Jones Sasha Pokulok 40 1 2 2
Penalty Kill 4 Players Forward
Center Wing Time % Phy DF OF
1 Vernon Fiddler Brendan Gallagher 60 1 2 2
2 Anton Gustafsson Jeremy Williams 40 1 2 2
Penalty Kill 4 Players Defense
Defense Defense Time % Phy DF OF
1 Phil Oreskovic Nate Schmidt 60 1 2 2
2 Frederic St-Denis Sasha Pokulok 40 1 2 2
Penalty Kill - 3 Players Forward
Forward Time % Phy DF OF
1 Vernon Fiddler 60 1 2 2
2 Anton Gustafsson 40 1 2 2
Penalty Kill - 3 Players Defense
Defense Defense Time % Phy DF OF
1 Phil Oreskovic Nate Schmidt 60 1 2 2
2 Frederic St-Denis Sasha Pokulok 40 1 2 2
4 vs 4 Forward
Center Wing Time % Phy DF OF
1 Vernon Fiddler Jeremy Welsh 60 1 2 2
2 Anton Gustafsson Jeremy Williams 40 1 2 2
4 vs 4 Defense
Defense Defense Time % Phy DF OF
1 Phil Oreskovic Nate Schmidt 60 1 2 2
2 Frederic St-Denis Zach Jones 40 1 2 2
Last Minutes Offensive
Center Left Wing Right Wing Defense Defense
Vernon Fiddler Jeremy Welsh Brendan Gallagher Phil Oreskovic Nate Schmidt
Last Minutes Defensive
Center Left Wing Right Wing Defense Defense
Vernon Fiddler Jeremy Welsh Brendan Gallagher Phil Oreskovic Nate Schmidt
Goaltenders
Starting : Erik Ersberg
Backup : Antti Raanta
Extra Forwards
Normal : Brendan Gallagher, Jeremy Welsh, Colton Orr - PP : Brendan Gallagher, Vernon Fiddler - PK : Brendan Gallagher
Extra Defensemen
Normal : Mat Clark, Nate Schmidt, Mattias Backman - PP : Mat Clark - PK : Nate Schmidt, Mattias Backman
Penalty Shots
Brendan Gallagher, Jeremy Welsh, Jeremy Williams, Vernon Fiddler, Colton Orr
% Time on Ice - Blackdemons
Lines # - Real PCT - Wanted PCT - Time Play
Normal Forward
1 - 35% - 40% - 14:01
2 - 26% - 30% - 10:27
3 - 23% - 20% - 9:05
4 - 15% - 10% - 5:58
Normal Defense
1 - 44% - 40% - 17:15
2 - 30% - 30% - 12:03
3 - 20% - 20% - 7:58
4 - 6% - 10% - 2:15
PP Forward
1 - 58% - 60% - 4:53
2 - 42% - 40% - 3:28
PP Defense
1 - 62% - 60% - 5:13
2 - 38% - 40% - 3:08
PK Forward
1 - 85% - 60% - 8:05
2 - 15% - 40% - 1:26
PK Defense
1 - 62% - 60% - 5:53
2 - 38% - 40% - 3:38
PK3 Forward
1 - 100% - 60% - 0:04
2 - 0% - 40% - 0:00
PK3 Defense
1 - 100% - 60% - 0:04
2 - 0% - 40% - 0:00
44 Forward
1 - 81% - 60% - 6:06
2 - 19% - 40% - 1:27
44 Defense
1 - 64% - 60% - 4:52
2 - 36% - 40% - 2:41
Last Minute Offensive - 0:00
Last Minute Defensive - 0:00
Total
Forward - 65:00
Defense - 65:00
|
% Time on Ice - Carnivores
Lines # - Real PCT - Wanted PCT - Time Play
Normal Forward
1 - 35% - 40% - 13:42
2 - 24% - 30% - 9:18
3 - 25% - 20% - 9:52
4 - 17% - 10% - 6:39
Normal Defense
1 - 38% - 40% - 14:57
2 - 30% - 30% - 12:00
3 - 19% - 20% - 7:38
4 - 12% - 10% - 4:56
PP Forward
1 - 55% - 60% - 5:15
2 - 45% - 40% - 4:16
PP Defense
1 - 57% - 60% - 5:28
2 - 43% - 40% - 4:03
PK Forward
1 - 85% - 60% - 7:05
2 - 15% - 40% - 1:16
PK Defense
1 - 58% - 60% - 4:49
2 - 42% - 40% - 3:32
PK3 Forward
1 - 71% - 60% - 0:40
2 - 29% - 40% - 0:16
PK3 Defense
1 - 66% - 60% - 0:37
2 - 34% - 40% - 0:19
44 Forward
1 - 78% - 60% - 5:11
2 - 22% - 40% - 1:30
44 Defense
1 - 65% - 60% - 4:21
2 - 35% - 40% - 2:20
Last Minute Offensive - 0:00
Last Minute Defensive - 0:00
Total
Forward - 65:00
Defense - 65:00
|
Play by Play
1st period
0:01 of 1st period - Vernon Fiddler wins face-off versus Noel Acciari in neutral zone.
0:04 of 1st period - Snap shot by Vernon Fiddler.
0:04 of 1st period - Shot Blocked by Keaton Ellerby.
1:51 of 1st period - Jeremy Welsh is hit by Igor Makarov and loses puck.
2:02 of 1st period - Snap shot by Oscar Klefbom.
2:02 of 1st period - Stopped by Erik Ersberg with a rebound.
2:12 of 1st period - Mat Clark is hit by Noel Acciari and loses puck.
2:39 of 1st period - Oscar Klefbom is hit by Vernon Fiddler and loses puck.
3:12 of 1st period - Snap shot by Jeremy Welsh.
3:12 of 1st period - Shot Misses the Net.
3:24 of 1st period - Slapshot by Oscar Klefbom.
3:24 of 1st period - Deflect By Sergei Plotnikov.
3:24 of 1st period - Stopped by Erik Ersberg without a rebound.
3:25 of 1st period - Anton Gustafsson wins face-off versus Steven Zalewski in Carnivores zone.
3:34 of 1st period - Slapshot by Matt Hunwick.
3:34 of 1st period - Shot Blocked by Mattias Backman.
4:11 of 1st period - Slapshot by Calvin de Haan.
4:11 of 1st period - Deflect By Colton Orr.
4:11 of 1st period - Stopped by Erik Ersberg with a rebound.
4:13 of 1st period - Slapshot by Matt Hunwick.
4:13 of 1st period - Stopped by Erik Ersberg without a rebound.
4:14 of 1st period - Kyle Rau wins face-off versus Markus Granlund in Carnivores zone.
4:15 of 1st period - Slapshot by Matt Hunwick.
4:15 of 1st period - Stopped by Erik Ersberg with a rebound.
4:17 of 1st period - Snap shot by Dan Bertram.
4:17 of 1st period - Shot Misses the Net.
4:27 of 1st period - Steve Oleksy is hit by Markus Granlund and loses puck.
4:38 of 1st period - Phil Oreskovic is hit by Dan Bertram and loses puck.
4:45 of 1st period - Slapshot by Calvin de Haan.
4:45 of 1st period - Shot Blocked by Colton Orr.
5:09 of 1st period - Slapshot by Colton Orr.
5:09 of 1st period - Stopped by Matt Hackett with a rebound.
5:11 of 1st period - Snap shot by Phil Oreskovic.
5:11 of 1st period - Deflect By Christopher DiDomenico.
5:11 of 1st period - Shot Misses the Net.
5:11 of 1st period - Puck is out of play.
5:12 of 1st period - Steven Zalewski wins face-off versus Anton Gustafsson in Blackdemons zone.
5:17 of 1st period - Sasha Pokulok is hit by Steve Oleksy and loses puck.
5:24 of 1st period - Slapshot by Steve Oleksy.
5:24 of 1st period - Stopped by Erik Ersberg with a rebound.
6:43 of 1st period - Frederic St-Denis is hit by Max Friberg and loses puck.
7:25 of 1st period - Minor Penalty to Jeremy Welsh for Interference.
7:26 of 1st period - Vernon Fiddler wins face-off versus Steven Zalewski in Carnivores zone.
9:25 of 1st period - Penalty to Jeremy Welsh is over, Jeremy Welsh is back on ice.
9:38 of 1st period - Adam Almquist is hit by Matt Hunwick and loses puck.
12:04 of 1st period - Frederic St-Denis is hit by Ben Maxwell and loses puck.
12:33 of 1st period - Wrist shot by Igor Makarov.
12:33 of 1st period - Shot Blocked by Frederic St-Denis.
12:43 of 1st period - Frederic St-Denis is hit by Matt Hunwick.
12:51 of 1st period - Snap shot by Brendan Gallagher.
12:51 of 1st period - Stopped by Matt Hackett with a rebound.
13:05 of 1st period - Wrist shot by Colton Orr.
13:05 of 1st period - Shot Misses the Net.
13:52 of 1st period - Bryan Rust is hit by Jeremy Williams and loses puck.
13:59 of 1st period - Snap shot by Anton Gustafsson.
13:59 of 1st period - Stopped by Matt Hackett without a rebound.
14:00 of 1st period - Anton Gustafsson wins face-off versus Noel Acciari in Blackdemons zone.
14:09 of 1st period - Snap shot by Anton Gustafsson.
14:09 of 1st period - Shot Misses the Net.
14:25 of 1st period - Brendan Gallagher is hit by Steven Zalewski and loses puck.
15:05 of 1st period - Slapshot by Andrew MacDonald.
15:05 of 1st period - Stopped by Erik Ersberg without a rebound.
15:06 of 1st period - Markus Granlund wins face-off versus Kyle Rau in Carnivores zone.
15:36 of 1st period - Colton Orr is hit by Andrew MacDonald and loses puck.
15:41 of 1st period - Snap shot by Steven Zalewski.
15:41 of 1st period - Shot Misses the Net.
15:52 of 1st period - Off-side.
15:53 of 1st period - Noel Acciari wins face-off versus Vernon Fiddler in neutral zone.
16:33 of 1st period - Snap shot by Jeremy Williams.
16:33 of 1st period - Shot Misses the Net.
16:45 of 1st period - Mark McNeill is hit by Scott Wilson and loses puck.
17:07 of 1st period - Off-side.
17:08 of 1st period - Vernon Fiddler wins face-off versus Noel Acciari in neutral zone.
17:17 of 1st period - Jeremy Welsh is hit by Igor Makarov.
18:05 of 1st period - Snap shot by Zack Smith.
18:05 of 1st period - Shot Misses the Net.
18:11 of 1st period - Minor Penalty to Kyle Rau for Hooking.
18:12 of 1st period - Igor Makarov wins face-off versus Vernon Fiddler in Blackdemons zone.
18:41 of 1st period - Icing by Nate Schmidt.
18:42 of 1st period - Anton Gustafsson wins face-off versus Igor Makarov in Carnivores zone.
18:50 of 1st period - Snap shot by Jeremy Williams.
18:50 of 1st period - Stopped by Matt Hackett with a rebound.
19:20 of 1st period - Vernon Fiddler is hit by Sergei Plotnikov and loses puck.
19:25 of 1st period - Snap shot by Steven Zalewski.
19:25 of 1st period - Stopped by Erik Ersberg without a rebound.
19:26 of 1st period - Anton Gustafsson wins face-off versus Igor Makarov in Carnivores zone.
19:28 of 1st period - Minor Penalty to Anton Gustafsson for Holding.
19:29 of 1st period - Vernon Fiddler wins face-off versus Igor Makarov in Carnivores zone.
19:29 of 1st period - Vernon Fiddler is hit by Max Friberg.
19:36 of 1st period - Slapshot by Phil Oreskovic.
19:36 of 1st period - Stopped by Matt Hackett with a rebound.
19:38 of 1st period - Snap shot by Jeremy Welsh.
19:38 of 1st period - Shot Blocked by Max Friberg.
19:40 of 1st period - Slapshot by Phil Oreskovic.
19:40 of 1st period - Shot Blocked by Keaton Ellerby.
19:42 of 1st period - Snap shot by Vernon Fiddler.
19:42 of 1st period - Stopped by Matt Hackett with a rebound.
19:44 of 1st period - Slapshot by Phil Oreskovic.
19:44 of 1st period - Stopped by Matt Hackett without a rebound.
19:45 of 1st period - Vernon Fiddler wins face-off versus Igor Makarov in Blackdemons zone.
19:46 of 1st period - Wrist shot by Jeremy Welsh.
19:46 of 1st period - Shot Misses the Net.
Goals for this period are 0 for Blackdemons vs 0 for Carnivores.
Shots for this period are 8 for Blackdemons vs 7 for Carnivores.
2nd period
0:01 of 2nd period - Vernon Fiddler wins face-off versus Max Friberg in neutral zone.
0:04 of 2nd period - Snap shot by Jeremy Welsh.
0:04 of 2nd period - Stopped by Matt Hackett with a rebound.
0:06 of 2nd period - Minor Penalty to Andrew MacDonald for Interference.
0:07 of 2nd period - Igor Makarov wins face-off versus Vernon Fiddler in Blackdemons zone.
0:07 of 2nd period - Igor Makarov is hit by Vernon Fiddler.
0:11 of 2nd period - Penalty to Kyle Rau is over, Kyle Rau is back on ice.
0:31 of 2nd period - Minor Penalty to Jeremy Welsh for Interference.
0:32 of 2nd period - Vernon Fiddler wins face-off versus Igor Makarov in Carnivores zone.
1:28 of 2nd period - Penalty to Anton Gustafsson is over, Anton Gustafsson is back on ice.
1:33 of 2nd period - Wrist shot by Brendan Gallagher.
1:33 of 2nd period - Shot Misses the Net.
2:06 of 2nd period - Penalty to Andrew MacDonald is over, Andrew MacDonald is back on ice.
2:09 of 2nd period - Lane MacDermid is hit by Max Friberg and loses puck.
2:20 of 2nd period - Nate Schmidt is hit by Andrew MacDonald and loses puck.
2:31 of 2nd period - Penalty to Jeremy Welsh is over, Jeremy Welsh is back on ice.
2:37 of 2nd period - Igor Makarov is hit by Phil Oreskovic and loses puck.
2:50 of 2nd period - Slapshot by Anton Gustafsson.
2:50 of 2nd period - Stopped by Matt Hackett with a rebound.
2:54 of 2nd period - Wrist shot by Jeremy Welsh.
2:54 of 2nd period - Shot Blocked by Andrew MacDonald.
3:06 of 2nd period - Snap shot by Jeremy Williams.
3:06 of 2nd period - Shot Misses the Net.
3:08 of 2nd period - Slapshot by Nate Schmidt.
3:08 of 2nd period - Goal by Nate Schmidt - Blackdemons : 0 - Carnivores : 1.
3:09 of 2nd period - Steven Zalewski wins face-off versus Vernon Fiddler in neutral zone.
3:20 of 2nd period - Matt Hunwick is hit by Mat Clark and loses puck.
3:39 of 2nd period - Icing by Zack Smith.
3:40 of 2nd period - Scott Timmins wins face-off versus Zack Smith in Carnivores zone.
3:45 of 2nd period - Slapshot by Andrew MacDonald.
3:45 of 2nd period - Stopped by Erik Ersberg with a rebound.
3:47 of 2nd period - Snap shot by Andrew MacDonald.
3:47 of 2nd period - Deflect By Scott Timmins.
3:47 of 2nd period - Shot Blocked by Mat Clark.
3:47 of 2nd period - Puck is out of play.
3:48 of 2nd period - Vernon Fiddler wins face-off versus Steven Zalewski in Carnivores zone.
3:51 of 2nd period - Snap shot by Ben Maxwell.
3:51 of 2nd period - Stopped by Erik Ersberg with a rebound.
3:53 of 2nd period - Backhand shot by Steven Zalewski.
3:53 of 2nd period - Deflect By Blake Pietila.
3:53 of 2nd period - Shot Misses the Net.
3:53 of 2nd period - Puck is out of play.
3:54 of 2nd period - Jeremy Welsh wins face-off versus Steven Zalewski in Carnivores zone.
3:59 of 2nd period - Wrist shot by Steven Zalewski.
3:59 of 2nd period - Shot Blocked by Nate Schmidt.
4:07 of 2nd period - Snap shot by Vernon Fiddler.
4:07 of 2nd period - Stopped by Matt Hackett with a rebound.
4:19 of 2nd period - Slapshot by Phil Oreskovic.
4:19 of 2nd period - Stopped by Matt Hackett with a rebound.
4:47 of 2nd period - Backhand shot by Steven Zalewski.
4:47 of 2nd period - Deflect By Ben Maxwell.
4:47 of 2nd period - Shot Misses the Net.
4:47 of 2nd period - Puck is out of play.
4:48 of 2nd period - Vernon Fiddler wins face-off versus Sergei Plotnikov in Carnivores zone.
4:48 of 2nd period - Vernon Fiddler is hit by Andrew MacDonald.
6:00 of 2nd period - Slapshot by Colton Orr.
6:00 of 2nd period - Stopped by Matt Hackett without a rebound.
6:01 of 2nd period - Vernon Fiddler wins face-off versus Blake Pietila in Blackdemons zone.
6:33 of 2nd period - Slapshot by Andrew MacDonald.
6:33 of 2nd period - Stopped by Erik Ersberg with a rebound.
7:18 of 2nd period - Markus Granlund is hit by Matt Hunwick and loses puck.
7:43 of 2nd period - Snap shot by Igor Makarov.
7:43 of 2nd period - Stopped by Erik Ersberg without a rebound.
7:44 of 2nd period - Lane MacDermid wins face-off versus Steven Zalewski in Carnivores zone.
7:49 of 2nd period - Slapshot by Phil Oreskovic.
7:49 of 2nd period - Stopped by Matt Hackett with a rebound.
8:09 of 2nd period - Oscar Klefbom is hit by Vernon Fiddler and loses puck.
8:16 of 2nd period - Slapshot by Brendan Gallagher.
8:16 of 2nd period - Stopped by Matt Hackett with a rebound.
8:18 of 2nd period - Snap shot by Vernon Fiddler.
8:18 of 2nd period - Stopped by Matt Hackett with a rebound.
8:20 of 2nd period - Wrist shot by Brendan Gallagher.
8:20 of 2nd period - Shot Blocked by Keaton Ellerby.
8:22 of 2nd period - Slapshot by Nate Schmidt.
8:22 of 2nd period - Stopped by Matt Hackett without a rebound.
8:23 of 2nd period - Ben Maxwell wins face-off versus Zack Smith in Blackdemons zone.
8:39 of 2nd period - Minor Penalty to Ben Maxwell for Elbowing.
8:40 of 2nd period - Vernon Fiddler wins face-off versus Igor Makarov in Blackdemons zone.
9:35 of 2nd period - Snap shot by Anton Gustafsson.
9:35 of 2nd period - Shot Misses the Net.
10:39 of 2nd period - Penalty to Ben Maxwell is over, Ben Maxwell is back on ice.
10:52 of 2nd period - Slapshot by Matt Hunwick.
10:52 of 2nd period - Deflect By Sergei Plotnikov.
10:52 of 2nd period - Stopped by Erik Ersberg with a rebound.
11:02 of 2nd period - Matt Hunwick is hit by Phil Oreskovic and loses puck.
11:13 of 2nd period - Snap shot by Matt Hunwick.
11:13 of 2nd period - Shot Hit the Post.
11:15 of 2nd period - Slapshot by Matt Hunwick.
11:15 of 2nd period - Deflect By Sasha Pokulok.
11:15 of 2nd period - Stopped by Erik Ersberg without a rebound.
11:16 of 2nd period - Scott Timmins wins face-off versus Markus Granlund in Carnivores zone.
11:27 of 2nd period - Snap shot by Bryan Rust.
11:27 of 2nd period - Stopped by Erik Ersberg without a rebound.
11:28 of 2nd period - Vernon Fiddler wins face-off versus Steven Zalewski in Carnivores zone.
11:30 of 2nd period - Minor Penalty to Brendan Gallagher for Hooking.
11:31 of 2nd period - Vernon Fiddler wins face-off versus Steven Zalewski in Carnivores zone.
11:31 of 2nd period - Vernon Fiddler is hit by Keaton Ellerby.
11:46 of 2nd period - Off-side.
11:47 of 2nd period - Vernon Fiddler wins face-off versus Blake Pietila in neutral zone.
12:00 of 2nd period - Slapshot by Vernon Fiddler.
12:00 of 2nd period - Shot Misses the Net.
12:38 of 2nd period - Frederic St-Denis is hit by Igor Makarov and loses puck.
13:30 of 2nd period - Penalty to Brendan Gallagher is over, Brendan Gallagher is back on ice.
13:44 of 2nd period - Minor Penalty to Steve Oleksy for Roughing.
13:45 of 2nd period - Igor Makarov wins face-off versus Jeremy Welsh in Blackdemons zone.
13:45 of 2nd period - Igor Makarov is hit by Jeremy Welsh.
13:50 of 2nd period - Slapshot by Andrew MacDonald.
13:50 of 2nd period - Shot Blocked by Sasha Pokulok.
15:44 of 2nd period - Penalty to Steve Oleksy is over, Steve Oleksy is back on ice.
15:50 of 2nd period - Slapshot by Andrew MacDonald.
15:50 of 2nd period - Stopped by Erik Ersberg with a rebound.
15:56 of 2nd period - Max Friberg is hit by Phil Oreskovic and loses puck.
16:13 of 2nd period - Scott Wilson is hit by Markus Granlund and loses puck.
17:28 of 2nd period - Oscar Klefbom is hit by Jeremy Williams and loses puck.
17:46 of 2nd period - Wrist shot by Vernon Fiddler.
17:46 of 2nd period - Stopped by Matt Hackett without a rebound.
17:47 of 2nd period - Noel Acciari wins face-off versus Vernon Fiddler in Blackdemons zone.
18:32 of 2nd period - Backhand shot by Keaton Ellerby.
18:32 of 2nd period - Shot Misses the Net.
18:34 of 2nd period - Snap shot by Keaton Ellerby.
18:34 of 2nd period - Stopped by Erik Ersberg with a rebound.
18:36 of 2nd period - Snap shot by Scott Timmins.
18:36 of 2nd period - Shot Misses the Net.
18:54 of 2nd period - Slapshot by Andrew MacDonald.
18:54 of 2nd period - Stopped by Erik Ersberg without a rebound.
18:55 of 2nd period - Noel Acciari wins face-off versus Vernon Fiddler in Carnivores zone.
19:15 of 2nd period - Sergei Plotnikov is hit by Brendan Gallagher and loses puck.
19:27 of 2nd period - Wrist shot by Noel Acciari.
19:27 of 2nd period - Stopped by Erik Ersberg without a rebound.
19:28 of 2nd period - Steven Zalewski wins face-off versus Anton Gustafsson in Carnivores zone.
19:31 of 2nd period - Slapshot by Steven Zalewski.
19:31 of 2nd period - Goal by Steven Zalewski - Blackdemons : 1 - Carnivores : 1.
19:32 of 2nd period - Noel Acciari wins face-off versus Vernon Fiddler in neutral zone.
19:46 of 2nd period - Minor Penalty to Noel Acciari for High sticking.
19:47 of 2nd period - Igor Makarov wins face-off versus Vernon Fiddler in Blackdemons zone.
Goals for this period are 1 for Blackdemons vs 1 for Carnivores.
Shots for this period are 12 for Blackdemons vs 11 for Carnivores.
3rd period
0:01 of 3rd period - Vernon Fiddler wins face-off versus Igor Makarov in neutral zone.
0:04 of 3rd period - Wrist shot by Jeremy Williams.
0:04 of 3rd period - Goal by Jeremy Williams - Blackdemons : 1 - Carnivores : 2.
0:05 of 3rd period - Vernon Fiddler wins face-off versus Noel Acciari in neutral zone.
0:13 of 3rd period - Icing by Sergei Plotnikov.
0:14 of 3rd period - Noel Acciari wins face-off versus Vernon Fiddler in Blackdemons zone.
0:19 of 3rd period - Jeremy Welsh is hit by Keaton Ellerby and loses puck.
0:24 of 3rd period - Slapshot by Keaton Ellerby.
0:24 of 3rd period - Stopped by Erik Ersberg without a rebound.
0:25 of 3rd period - Vernon Fiddler wins face-off versus Noel Acciari in Carnivores zone.
0:50 of 3rd period - Ben Maxwell is hit by Jeremy Williams.
1:10 of 3rd period - Slapshot by Andrew MacDonald.
1:10 of 3rd period - Deflect By Scott Timmins.
1:10 of 3rd period - Shot Misses the Net.
1:10 of 3rd period - Puck is out of play.
1:11 of 3rd period - Zack Smith wins face-off versus Scott Timmins in Carnivores zone.
1:22 of 3rd period - Snap shot by Zack Smith.
1:22 of 3rd period - Stopped by Matt Hackett with a rebound.
1:24 of 3rd period - Snap shot by Michael Schumacher.
1:24 of 3rd period - Stopped by Matt Hackett without a rebound.
1:25 of 3rd period - Brendan Gallagher wins face-off versus Noel Acciari in Blackdemons zone.
1:39 of 3rd period - Slapshot by Oscar Klefbom.
1:39 of 3rd period - Goal by Oscar Klefbom - Blackdemons : 2 - Carnivores : 2.
1:40 of 3rd period - Vernon Fiddler wins face-off versus Sergei Plotnikov in neutral zone.
1:42 of 3rd period - Phil Oreskovic is hit by Keaton Ellerby and loses puck.
3:16 of 3rd period - Sasha Pokulok is hit by Noel Acciari and loses puck.
3:23 of 3rd period - Wrist shot by Mark McNeill.
3:23 of 3rd period - Shot Misses the Net.
3:29 of 3rd period - Minor Penalty to Scott Timmins for Hooking.
3:30 of 3rd period - Anton Gustafsson wins face-off versus Igor Makarov in Blackdemons zone.
3:55 of 3rd period - Vernon Fiddler is hit by Andrew MacDonald and loses puck.
5:09 of 3rd period - Icing by Colton Orr.
5:10 of 3rd period - Vernon Fiddler wins face-off versus Igor Makarov in Carnivores zone.
5:29 of 3rd period - Penalty to Scott Timmins is over, Scott Timmins is back on ice.
6:05 of 3rd period - Slapshot by Matt Hunwick.
6:05 of 3rd period - Shot Blocked by Frederic St-Denis.
6:07 of 3rd period - Slapshot by Matt Hunwick.
6:07 of 3rd period - Shot Misses the Net.
6:30 of 3rd period - Icing by Steve Oleksy.
6:31 of 3rd period - Steven Zalewski wins face-off versus Anton Gustafsson in Blackdemons zone.
6:38 of 3rd period - Sasha Pokulok is hit by Steven Zalewski and loses puck.
6:45 of 3rd period - Blake Pietila is hit by Mat Clark and loses puck.
7:06 of 3rd period - Slapshot by Zack Smith.
7:06 of 3rd period - Stopped by Matt Hackett with a rebound.
7:19 of 3rd period - Off-side.
7:20 of 3rd period - Vernon Fiddler wins face-off versus Scott Timmins in neutral zone.
8:12 of 3rd period - Snap shot by Igor Makarov.
8:12 of 3rd period - Stopped by Erik Ersberg with a rebound.
8:20 of 3rd period - Off-side.
8:21 of 3rd period - Vernon Fiddler wins face-off versus Noel Acciari in neutral zone.
8:26 of 3rd period - Slapshot by Andrew MacDonald.
8:26 of 3rd period - Deflect By Noel Acciari.
8:26 of 3rd period - Stopped by Erik Ersberg with a rebound.
8:28 of 3rd period - Snap shot by Noel Acciari.
8:28 of 3rd period - Shot Misses the Net.
8:30 of 3rd period - Backhand shot by Calvin de Haan.
8:30 of 3rd period - Deflect By Igor Makarov.
8:30 of 3rd period - Stopped by Erik Ersberg with a rebound.
8:32 of 3rd period - Wrist shot by Noel Acciari.
8:32 of 3rd period - Shot Misses the Net.
8:55 of 3rd period - Wrist shot by Steven Zalewski.
8:55 of 3rd period - Stopped by Erik Ersberg without a rebound.
8:56 of 3rd period - Anton Gustafsson wins face-off versus Noel Acciari in Carnivores zone.
9:04 of 3rd period - Icing by Matt Hunwick.
9:05 of 3rd period - Noel Acciari wins face-off versus Anton Gustafsson in Blackdemons zone.
9:18 of 3rd period - Snap shot by Igor Makarov.
9:18 of 3rd period - Stopped by Erik Ersberg without a rebound.
9:19 of 3rd period - Vernon Fiddler wins face-off versus Noel Acciari in Carnivores zone.
10:38 of 3rd period - Minor Penalty to Frederic St-Denis for Goalie Interference.
10:39 of 3rd period - Steven Zalewski wins face-off versus Vernon Fiddler in Carnivores zone.
10:45 of 3rd period - Slapshot by Phil Oreskovic.
10:45 of 3rd period - Deflect By Brendan Gallagher.
10:45 of 3rd period - Stopped by Matt Hackett without a rebound.
10:46 of 3rd period - Vernon Fiddler wins face-off versus Steven Zalewski in Blackdemons zone.
10:47 of 3rd period - Snap shot by Brendan Gallagher.
10:47 of 3rd period - Shot Blocked by Steve Oleksy.
10:49 of 3rd period - Snap shot by Phil Oreskovic.
10:49 of 3rd period - Stopped by Matt Hackett without a rebound.
10:50 of 3rd period - Steven Zalewski wins face-off versus Vernon Fiddler in Blackdemons zone.
10:50 of 3rd period - Steven Zalewski is hit by Nate Schmidt.
10:58 of 3rd period - Snap shot by Brendan Gallagher.
10:58 of 3rd period - Shot Blocked by Keaton Ellerby.
11:00 of 3rd period - Wrist shot by Brendan Gallagher.
11:00 of 3rd period - Shot Misses the Net.
11:02 of 3rd period - Snap shot by Vernon Fiddler.
11:02 of 3rd period - Shot Misses the Net.
11:04 of 3rd period - Snap shot by Vernon Fiddler.
11:04 of 3rd period - Stopped by Matt Hackett with a rebound.
11:06 of 3rd period - Snap shot by Vernon Fiddler.
11:06 of 3rd period - Shot Misses the Net.
12:03 of 3rd period - Steve Oleksy is hit by Jeremy Williams.
12:35 of 3rd period - Mattias Backman is hit by Sergei Plotnikov.
12:38 of 3rd period - Penalty to Frederic St-Denis is over, Frederic St-Denis is back on ice.
13:10 of 3rd period - Andrew MacDonald is hit by Markus Granlund and loses puck.
13:59 of 3rd period - Minor Penalty to Igor Makarov for Holding.
14:00 of 3rd period - Noel Acciari wins face-off versus Vernon Fiddler in Blackdemons zone.
14:00 of 3rd period - Noel Acciari is hit by Jeremy Welsh.
15:59 of 3rd period - Penalty to Igor Makarov is over, Igor Makarov is back on ice.
16:08 of 3rd period - Off-side.
16:09 of 3rd period - Zack Smith wins face-off versus Steven Zalewski in neutral zone.
16:22 of 3rd period - Michael Schumacher is hit by Matt Hunwick and loses puck.
16:39 of 3rd period - Slapshot by Christopher DiDomenico.
16:39 of 3rd period - Stopped by Matt Hackett with a rebound.
16:58 of 3rd period - Minor Penalty to Brendan Gallagher for Holding Stick.
16:59 of 3rd period - Vernon Fiddler wins face-off versus Steven Zalewski in Carnivores zone.
17:14 of 3rd period - Snap shot by Steven Zalewski.
17:14 of 3rd period - Shot Blocked by Lane MacDermid.
17:24 of 3rd period - Andrew MacDonald is hit by Nate Schmidt and loses puck.
18:14 of 3rd period - Sasha Pokulok is hit by Steve Oleksy and loses puck.
18:58 of 3rd period - Penalty to Brendan Gallagher is over, Brendan Gallagher is back on ice.
19:46 of 3rd period - Oscar Klefbom is hit by Lane MacDermid and loses puck.
Goals for this period are 1 for Blackdemons vs 1 for Carnivores.
Shots for this period are 7 for Blackdemons vs 8 for Carnivores.
Overtime #1
0:01 of 1st overtime period - Igor Makarov wins face-off versus Vernon Fiddler in neutral zone.
1:43 of 1st overtime period - Keaton Ellerby is hit by Jeremy Williams and loses puck.
2:38 of 1st overtime period - Zach Jones is hit by Blake Pietila and loses puck.
2:45 of 1st overtime period - Matt Hunwick is hit by Jeremy Welsh and loses puck.
3:00 of 1st overtime period - Steve Oleksy is hit by Mattias Backman and loses puck.
3:22 of 1st overtime period - Nate Schmidt is hit by Scott Wilson and loses puck.
3:37 of 1st overtime period - Snap shot by Igor Makarov.
3:37 of 1st overtime period - Stopped by Erik Ersberg with a rebound.
3:39 of 1st overtime period - Slapshot by Oscar Klefbom.
3:39 of 1st overtime period - Shot Misses the Net.
3:41 of 1st overtime period - Slapshot by Igor Makarov.
3:41 of 1st overtime period - Shot Misses the Net.
3:43 of 1st overtime period - Snap shot by Scott Wilson.
3:43 of 1st overtime period - Deflect By Colton Orr.
3:43 of 1st overtime period - Shot Misses the Net.
3:43 of 1st overtime period - Puck is out of play.
3:44 of 1st overtime period - Vernon Fiddler wins face-off versus Sergei Plotnikov in Carnivores zone.
3:55 of 1st overtime period - Jeremy Welsh is hit by Steven Zalewski.
4:07 of 1st overtime period - Zach Jones is hit by Noel Acciari and loses puck.
4:12 of 1st overtime period - Snap shot by Noel Acciari.
4:12 of 1st overtime period - Shot Misses the Net.
4:14 of 1st overtime period - Snap shot by Noel Acciari.
4:14 of 1st overtime period - Shot Misses the Net.
Goals for this period are 0 for Blackdemons vs 0 for Carnivores.
Shots for this period are 1 for Blackdemons vs 0 for Carnivores.
ShootOut
5:00 of 1st overtime period - Penalty Shot by Igor Makarov for Blackdemons.
5:00 of 1st overtime period - Backhand shot by Igor Makarov.
5:00 of 1st overtime period - Goal by Igor Makarov.
5:00 of 1st overtime period - Penalty Shot by Brendan Gallagher for Carnivores.
5:00 of 1st overtime period - Backhand shot by Brendan Gallagher.
5:00 of 1st overtime period - Stopped by Matt Hackett.
5:00 of 1st overtime period - Penalty Shot by Steven Zalewski for Blackdemons.
5:00 of 1st overtime period - Wrist shot by Steven Zalewski.
5:00 of 1st overtime period - Stopped by Erik Ersberg.
5:00 of 1st overtime period - Penalty Shot by Jeremy Welsh for Carnivores.
5:00 of 1st overtime period - Wrist shot by Jeremy Welsh.
5:00 of 1st overtime period - Stopped by Matt Hackett.
5:00 of 1st overtime period - Penalty Shot by Sergei Plotnikov for Blackdemons.
5:00 of 1st overtime period - Snap shot by Sergei Plotnikov.
5:00 of 1st overtime period - Stopped by Erik Ersberg.
5:00 of 1st overtime period - Penalty Shot by Jeremy Williams for Carnivores.
5:00 of 1st overtime period - Wrist shot by Jeremy Williams.
5:00 of 1st overtime period - Shot Hit the Post.
Back to the Top